AoeStats
← [LCDR] Alone

Lombardia

509969381Analyzed
4v4 RM · 4d ago on Sep 28, 2026· 53m 18s· 8 players
Game mode
Random Map
Map size
Large (8 player)
Population
200
Speed
Normal
Resources
Standard
Victory
Conquest
Starting age
Dark Age
Ending age
Imperial Age
RankedLock teamsTeams togetherTeam positionsShared explorationLock speedFull tech treeHidden civsTurbo modeCheats
Victory
Defeat
🇦🇷 Burmese · Argentina
1657
+12
🇨🇦 Saracens · Canada
1641
+12
🇲🇽 Tatars · Mexico
1543
+16
🇲🇽 Saxons · Mexico
1500
+18
🇧🇷 Huns · Brazil
1722
-20
🇧🇷 Franks · Brazil
1554
-15
🇧🇷 Slavs · Brazil
1543
-14
🇧🇷 Mongols · Brazil
1398
-9
WonderHD11
12:20 Feudal Age
13:31 Double-Bit Axe
13:27 Horse Collar
16:25 Castle Age
17:40 Bow Saw
20:14 Scale Barding Armor
23:28 Wheelbarrow
24:47 Chain Barding Armor
24:59 Forging
26:12 Husbandry
27:20 Iron Casting
26:45 Loom
27:52 Bloodlines
32:32 Imperial Age
31:03 Hand Cart
30:50 Gold Mining
30:53 Stone Mining
32:59 Gold Shaft Mining
32:41 Elite Mameluke
34:22 Blast Furnace
34:54 Plate Barding Armor
39:43 Conscription
39:58 Hoardings
40:57 Two-Man Saw
39:59 Heavy Plow
40:19 Caravan
40:52 Fletching
41:23 Ballistics
42:18 Bodkin Arrow
43:25 Chemistry
42:36 Masonry
43:07 Fortified Wall
43:46 Siege Engineers
43:42 Bracer
45:57 Murder Holes
48:30 Counterweights
49:16 Capped Ram
50:22 Siege Ram
smen
10:44 Feudal Age
9:02 Loom
10:48 Feudal Age
15:31 Castle Age
13:53 Double-Bit Axe
14:31 Scale Mail Armor
15:25 Horse Collar
16:48 Bow Saw
17:07 Squires
19:20 Chain Mail Armor
20:27 Arson
25:37 Stone Mining
25:42 Gold Mining
28:31 Wheelbarrow
27:42 Town Watch
30:30 Hand Cart
33:26 Imperial Age
33:31 Elite Varangian Guard
33:42 Capped Ram
35:14 Plate Mail Armor
36:52 Chemistry
37:03 Forging
37:22 Fletching
38:37 Iron Casting
38:35 Conscription
39:05 Bodkin Arrow
40:20 Bracer
43:20 Siege Ram
43:37 Shield Wall
45:05 Gold Shaft Mining
45:43 Pikeman
46:48 Halberdier
48:37 Masonry
48:43 Fortified Wall
48:52 Caravan
49:32 Guilds
52:42 Hoardings
53:53 Two-Man Saw
Lolokoil
6:26 Loom
9:49 Feudal Age
10:26 Double-Bit Axe
13:20 Horse Collar
21:48 Castle Age
20:09 Fletching
21:30 Bloodlines
21:24 Gold Mining
22:53 Bodkin Arrow
23:26 Bow Saw
23:27 Padded Archer Armor
28:14 Husbandry
28:31 Leather Archer Armor
30:00 Ballistics
31:06 Wheelbarrow
30:33 Heavy Plow
30:21 Town Watch
34:59 Imperial Age
33:20 Masonry
34:48 Gold Shaft Mining
36:56 Chemistry
35:58 Bracer
35:47 Heavy Cavalry Archer
38:16 Fortified Wall
39:51 Ring Archer Armor
40:07 Caravan
40:50 Stone Mining
43:01 Siege Engineers
43:51 Silk Armor
44:11 Conscription
47:02 Scale Barding Armor
47:07 Forging
46:19 Light Cavalry
50:49 Hand Cart
51:32 Hussar
52:39 Chain Barding Armor
52:55 Iron Casting
FutureEwe5582
6:24 Loom
8:51 Feudal Age
16:22 Castle Age
14:45 Horse Collar
22:59 Padded Archer Armor
25:49 Herbal Medicine
27:12 Wheelbarrow
32:49 Imperial Age
31:48 Ballistics
31:47 Town Watch
32:20 Husbandry
32:31 Bloodlines
33:21 Heavy Plow
33:02 Elite Arambai
34:09 Conscription
35:23 Stone Mining
36:03 Fletching
37:16 Chemistry
36:43 Parthian Tactics
37:03 Hand Cart
37:16 Bodkin Arrow
38:25 Treadmill Crane
38:58 Bracer
40:21 Caravan
40:45 Gold Mining
41:08 Masonry
43:20 Light Cavalry
44:12 Hussar
44:58 Scale Barding Armor
45:36 Forging
46:36 Chain Barding Armor
47:10 Iron Casting
48:33 Murder Holes
48:44 Siege Engineers
49:10 Architecture
49:41 Blast Furnace
49:18 Plate Barding Armor
[LCDR] Alone
6:02 Loom
8:27 Feudal Age
9:01 Double-Bit Axe
12:42 Horse Collar
19:03 Castle Age
20:51 Bow Saw
22:10 Wheelbarrow
30:30 Imperial Age
28:13 Marauders
28:19 Scale Barding Armor
29:26 Chain Barding Armor
29:23 Heavy Plow
29:57 Forging
30:01 Bloodlines
29:52 Husbandry
30:37 Elite Tarkan
32:30 Plate Barding Armor
32:21 Conscription
34:10 Iron Casting
35:55 Blast Furnace
37:51 Fletching
37:48 Light Cavalry
38:33 Bodkin Arrow
38:38 Padded Archer Armor
39:00 Ballistics
39:41 Chemistry
38:41 Elite Skirmisher
39:27 Thumb Ring
39:10 Hussar
39:54 Bracer
40:11 Leather Archer Armor
39:44 Capped Ram
40:40 Siege Ram
SSX_Flexa
5:17 Loom
9:40 Feudal Age
10:45 Double-Bit Axe
20:46 Castle Age
26:26 Bow Saw
32:09 Imperial Age
30:16 Wheelbarrow
30:36 Scale Barding Armor
30:41 Forging
31:07 Husbandry
32:33 Chain Barding Armor
32:49 Iron Casting
32:12 Cavalier
33:20 Paladin
36:11 Plate Barding Armor
36:05 Conscription
40:23 Blast Furnace
40:21 Gold Mining
40:21 Stone Mining
43:26 Hand Cart
42:54 Light Cavalry
46:30 Pikeman
47:18 Scale Mail Armor
46:59 Halberdier
47:26 Gambesons
48:22 Squires
48:08 Arson
53:08 Chain Mail Armor
[LCDR]Zuru
6:08 Loom
8:57 Feudal Age
9:26 Double-Bit Axe
18:10 Castle Age
16:24 Horse Collar
16:36 Gold Mining
17:40 Fletching
18:22 Bloodlines
18:53 Bloodlines
19:29 Bodkin Arrow
22:48 Husbandry
22:51 Padded Archer Armor
26:53 Ballistics
27:57 Leather Archer Armor
31:44 Caravan
32:47 Wheelbarrow
32:02 Town Watch
35:06 Imperial Age
33:10 Caravan
34:02 Bow Saw
35:40 Thumb Ring
35:18 Elite Skirmisher
36:18 Bracer
37:23 Chemistry
38:20 Parthian Tactics
38:46 Heavy Plow
39:28 Forging
39:24 Scale Barding Armor
43:07 Conscription
42:48 Nomads
43:08 Drill
43:18 Hand Cart
43:03 Town Patrol
44:05 Coinage
44:19 Stone Mining
45:05 Gold Shaft Mining
44:40 Elite Mangudai
48:30 Iron Casting
48:15 Chain Barding Armor
47:23 Heavy Cavalry Archer
51:35 Hoardings
52:35 Capped Ram
52:37 Heavy Scorpion
SkOrPiO
11:06 Feudal Age
15:15 Castle Age
13:09 Horse Collar
14:23 Double-Bit Axe
16:16 Bow Saw
16:38 Loom
18:32 Wheelbarrow
22:52 Heavy Plow
24:10 Gold Mining
25:11 Fletching
26:40 Detinets
30:19 Imperial Age
28:29 Scale Barding Armor
28:35 Forging
28:40 Stone Mining
29:30 Chain Barding Armor
30:58 Bodkin Arrow
32:15 Plate Barding Armor
32:56 Iron Casting
31:51 Elite Boyar
37:38 Blast Furnace
37:29 Man-at-Arms
38:09 Squires
38:11 Scale Mail Armor
40:49 Padded Archer Armor
40:15 Heavy Scorpion
46:15 Capped Ram
47:12 Siege Ram
50:22 Long Swordsman
51:54 Bloodlines
51:45 Husbandry
51:21 Light Cavalry
Connection lost

Rejoining the realm…

Still unreachable

The connection could not be restored.

Session expired

The server has moved on; the page needs a fresh start.